General information
- name: BNet
- type: Ladder team game (AT/RT)
- host: Battle.net
- saver: 2020-WHO-PRESID
map: LastManStanding
- players: 8
- length: 55:45
- speed: Fast
- version: 1.28 W3XP
- replay type: Public
» download(381 KB)
Players
team 1 (winner)
2020-WHO-PRESID (
teal | 57 APM | 3187 actions | 55:45)
8 Archmage
3 Summon Water Elemental
3 Brilliance Aura
1 Mass Teleport
1 Blizzard
» actions
| Assign group hotkey | 92 | |
| Basic commands | 33 | |
| Build / train | 116 | |
| Enter build submenu | 42 | |
| Enter hero's abilities submenu | 8 | |
| Right click | 1451 | |
| Select / deselect | 479 | |
| Select group hotkey | 728 | |
| Use ability | 238 | |
3187 total
» units
| Peasant | 21 | |
| Goblin Shredder | 1 | |
| Sorceress | 2 | |
| Dragonhawk Rider | 3 | |
| Bronze Dragon | 10 | |
| Bronze Dragon Whelp | 5 | |
| Siege Engine | 2 | |
44 total
» upgrades
| Masonry | 3 | |
| Magic Sentry | 1 | |
| Sorceress Training | 2 | |
| Swords | 1 | |
| Cloud | 1 | |
| Storm Hammers | 1 | |
| Animal War Training | 1 | |
| Barrage | 1 | |
| Flare | 1 | |
| Fragmentation Shards | 1 | |
| Flak Cannons | 1 | |
| Flying Machine Bombs | 1 | |
| Gunpowder | 1 | |
| Plating | 1 | |
17 total
» buildings
| Altar of Kings | 1 | |
| Farm | 9 | |
| Lumber Mill | 1 | |
| Arcane Vault | 3 | |
| Town Hall | 2 | |
| Keep | 1 | |
| Scout Tower | 68 | |
| Blacksmith | 1 | |
| Guard Tower | 29 | |
| Castle | 1 | |
| Arcane Sanctum | 1 | |
| Gryphon Aviary | 3 | |
| Barracks | 1 | |
| Arcane Tower | 3 | |
| Workshop | 2 | |
| Cannon Tower | 3 | |
129 total
» build order
00:07 Altar of Kings
00:20 Farm
00:45 Lumber Mill
00:56 Farm
01:42 Farm
02:27 Arcane Vault
03:02 Farm
03:51 Town Hall
05:14 Arcane Vault
05:27 Keep
06:39 Scout Tower
06:39 Scout Tower
06:39 Scout Tower
06:41 Scout Tower
06:42 Scout Tower
06:42 Scout Tower
06:48 Blacksmith
07:09 Scout Tower
07:09 Scout Tower
07:10 Scout Tower
07:11 Scout Tower
07:15 Guard Tower
07:18 Scout Tower
07:18 Scout Tower
07:19 Scout Tower
07:40 Guard Tower
07:40 Guard Tower
08:13 Castle
08:18 Scout Tower
08:19 Scout Tower
08:19 Scout Tower
08:19 Scout Tower
08:20 Scout Tower
08:29 Scout Tower
08:30 Scout Tower
08:30 Scout Tower
08:30 Scout Tower
08:30 Scout Tower
08:46 Guard Tower
08:49 Farm
08:55 Guard Tower
08:55 Guard Tower
09:01 Scout Tower
09:02 Scout Tower
09:07 Scout Tower
09:08 Scout Tower
09:09 Scout Tower
09:13 Guard Tower
09:19 Scout Tower
09:19 Scout Tower
09:20 Scout Tower
09:21 Guard Tower
09:21 Guard Tower
09:24 Arcane Vault
09:36 Guard Tower
09:54 Guard Tower
09:54 Guard Tower
09:57 Scout Tower
09:59 Scout Tower
10:00 Scout Tower
10:11 Scout Tower
10:13 Scout Tower
10:13 Scout Tower
10:15 Scout Tower
10:15 Scout Tower
10:31 Guard Tower
10:32 Guard Tower
10:37 Scout Tower
10:38 Scout Tower
10:38 Scout Tower
10:38 Scout Tower
10:39 Scout Tower
10:41 Scout Tower
10:41 Scout Tower
10:42 Scout Tower
10:42 Scout Tower
10:43 Guard Tower
10:49 Guard Tower
10:49 Guard Tower
10:52 Arcane Sanctum
10:57 Guard Tower
11:11 Guard Tower
11:11 Guard Tower
11:18 Guard Tower
11:59 Town Hall
12:55 Gryphon Aviary
12:55 Gryphon Aviary
13:39 Guard Tower
14:27 Gryphon Aviary
14:31 Farm
14:31 Farm
14:31 Farm
14:58 Scout Tower
14:58 Scout Tower
14:58 Scout Tower
15:42 Barracks
15:47 Arcane Tower
16:10 Farm
16:13 Arcane Tower
16:17 Arcane Tower
16:22 Workshop
19:19 Scout Tower
19:19 Scout Tower
19:20 Scout Tower
19:21 Scout Tower
19:22 Scout Tower
19:22 Scout Tower
20:25 Cannon Tower
20:36 Scout Tower
20:37 Scout Tower
20:37 Scout Tower
20:53 Workshop
21:17 Guard Tower
21:17 Guard Tower
21:20 Scout Tower
21:20 Scout Tower
21:52 Guard Tower
22:29 Guard Tower
25:58 Cannon Tower
31:21 Cannon Tower
38:31 Scout Tower
38:31 Scout Tower
38:32 Scout Tower
38:32 Scout Tower
38:33 Scout Tower
39:12 Guard Tower
39:17 Guard Tower
» items
| Scroll of Regeneration | 2 | |
| Scroll of Town Portal | 3 | |
| Staff of Sanctuary | 1 | |
| Ivory Tower | 2 | |
8 total

»
ButtSecks (
purple | 80 APM | 4460 actions | 55:44)
8 Archmage
3 Summon Water Elemental
3 Brilliance Aura
1 Mass Teleport
1 Blizzard
» actions
| Assign group hotkey | 55 | |
| Basic commands | 306 | |
| Build / train | 145 | |
| ESC pressed | 1 | |
| Enter build submenu | 27 | |
| Enter hero's abilities submenu | 8 | |
| Give item / drop item | 2 | |
| Right click | 842 | |
| Select / deselect | 667 | |
| Select group hotkey | 2280 | |
| Use ability | 126 | |
4460 total
» units
| Peasant | 21 | |
| Footman | 16 | |
| Rifleman | 12 | |
| Sorceress | 5 | |
| Priest | 7 | |
| Mortar Team | 8 | |
| Goblin Zeppelin | 4 | |
73 total
» upgrades
| Defend | 1 | |
| Gunpowder | 3 | |
| Fragmentation Shards | 1 | |
| Flare | 1 | |
| Long Rifles | 1 | |
| Sorceress Training | 2 | |
| Magic Sentry | 1 | |
| Priest Training | 2 | |
| Armor | 3 | |
15 total
» buildings
| Altar of Kings | 1 | |
| Farm | 16 | |
| Barracks | 1 | |
| Keep | 3 | |
| Blacksmith | 1 | |
| Lumber Mill | 1 | |
| Arcane Vault | 1 | |
| Arcane Sanctum | 1 | |
| Workshop | 1 | |
| Castle | 3 | |
| Scout Tower | 4 | |
| Guard Tower | 8 | |
41 total
» build order
00:07 Altar of Kings
00:20 Farm
00:40 Barracks
00:51 Farm
01:48 Farm
02:41 Farm
03:37 Keep
04:12 Blacksmith
04:15 Lumber Mill
04:50 Farm
04:54 Arcane Vault
05:19 Farm
06:34 Arcane Sanctum
06:38 Workshop
06:43 Farm
06:58 Farm
07:36 Farm
08:48 Castle
08:48 Castle
08:57 Farm
09:04 Scout Tower
09:16 Scout Tower
10:32 Guard Tower
10:32 Guard Tower
10:35 Scout Tower
10:38 Scout Tower
11:36 Guard Tower
11:37 Guard Tower
11:37 Guard Tower
13:40 Guard Tower
14:12 Farm
14:57 Farm
16:01 Farm
20:09 Farm
21:48 Farm
21:50 Farm
» items
| Scroll of Regeneration | 1 | |
| Scroll of Town Portal | 3 | |
4 total
eggeewe (
pink | 27 APM | 1506 actions | 55:44)
6 Blood Mage
3 Flame Strike
2 Siphon Mana
1 Summon Phoenix
4 Archmage
2 Blizzard
2 Brilliance Aura
» actions
| Build / train | 105 | |
| Enter build submenu | 34 | |
| Enter hero's abilities submenu | 10 | |
| Give item / drop item | 1 | |
| Remove unit from queue | 2 | |
| Right click | 641 | |
| Select / deselect | 594 | |
| Use ability | 119 | |
1506 total
» units
| Peasant | 21 | |
| Flying Machine | 36 | |
57 total
» upgrades
| Masonry | 3 | |
| Lumber Harvesting | 2 | |
| Gunpowder | 3 | |
| Plating | 3 | |
| Armor | 3 | |
| Flak Cannons | 1 | |
| Flying Machine Bombs | 1 | |
16 total
» buildings
| Farm | 11 | |
| Altar of Kings | 2 | |
| Lumber Mill | 4 | |
| Scout Tower | 7 | |
| Guard Tower | 5 | |
| Keep | 1 | |
| Arcane Tower | 1 | |
| Blacksmith | 1 | |
| Castle | 1 | |
| Arcane Vault | 2 | |
| Workshop | 4 | |
| Town Hall | 2 | |
41 total
» build order
01:42 Farm
01:44 Altar of Kings
01:48 Altar of Kings
01:52 Farm
01:56 Lumber Mill
02:11 Scout Tower
02:28 Farm
02:39 Guard Tower
05:24 Keep
05:39 Scout Tower
05:41 Scout Tower
05:43 Scout Tower
05:46 Scout Tower
05:52 Scout Tower
06:14 Guard Tower
06:20 Guard Tower
06:25 Arcane Tower
06:27 Guard Tower
06:29 Farm
07:05 Blacksmith
08:13 Castle
08:52 Scout Tower
08:55 Lumber Mill
10:07 Arcane Vault
10:25 Arcane Vault
10:27 Workshop
10:30 Guard Tower
10:32 Farm
11:28 Workshop
13:21 Farm
13:24 Workshop
13:37 Farm
13:59 Workshop
14:40 Lumber Mill
14:59 Farm
15:09 Farm
15:25 Farm
15:55 Farm
27:00 Lumber Mill
45:56 Town Hall
46:01 Town Hall
» items
| Scroll of Regeneration | 2 | |
| Lesser Clarity Potion | 1 | |
| Potion of Healing | 6 | |
| Scroll of Town Portal | 1 | |
10 total
U_Follow_iTK_05 (
yellow | 110 APM | 6107 actions | 55:44)
7 Archmage
2 Summon Water Elemental
3 Brilliance Aura
1 Blizzard
1 Mass Teleport
6 Paladin
1 Holy Light
2 Divine Shield
2 Devotion Aura
1 Resurrection
5 Mountain King
2 Storm Bolt
3 Bash
» actions
| Assign group hotkey | 94 | |
| Basic commands | 134 | |
| Build / train | 158 | |
| ESC pressed | 11 | |
| Enter build submenu | 58 | |
| Enter hero's abilities submenu | 18 | |
| Give item / drop item | 3 | |
| Remove unit from queue | 1 | |
| Right click | 2013 | |
| Select / deselect | 974 | |
| Select group hotkey | 2245 | |
| Use ability | 398 | |
6107 total
» units
| Peasant | 9 | |
| Footman | 6 | |
| Goblin Shredder | 1 | |
| Goblin Zeppelin | 11 | |
| Rifleman | 17 | |
| Priest | 11 | |
| Sorceress | 9 | |
| Mortar Team | 7 | |
71 total
» upgrades
| Defend | 1 | |
| Masonry | 3 | |
| Armor | 3 | |
| Long Rifles | 1 | |
| Gunpowder | 3 | |
| Priest Training | 2 | |
| Sorceress Training | 2 | |
| Magic Sentry | 1 | |
| Control Magic | 1 | |
| Backpack | 1 | |
| Plating | 3 | |
| Fragmentation Shards | 1 | |
| Flare | 1 | |
23 total
» buildings
| Farm | 16 | |
| Barracks | 2 | |
| Altar of Kings | 1 | |
| Scout Tower | 19 | |
| Arcane Tower | 2 | |
| Arcane Vault | 3 | |
| Keep | 1 | |
| Lumber Mill | 1 | |
| Town Hall | 2 | |
| Guard Tower | 12 | |
| Blacksmith | 1 | |
| Arcane Sanctum | 2 | |
| Castle | 1 | |
| Workshop | 4 | |
| Cannon Tower | 1 | |
68 total
» build order
00:20 Farm
00:34 Barracks
00:36 Altar of Kings
01:01 Farm
01:40 Farm
02:06 Scout Tower
02:20 Farm
02:41 Arcane Tower
03:10 Arcane Vault
04:16 Keep
04:26 Scout Tower
04:46 Lumber Mill
05:03 Town Hall
05:31 Arcane Tower
05:34 Scout Tower
05:46 Farm
06:19 Town Hall
06:21 Scout Tower
06:40 Guard Tower
06:57 Guard Tower
06:59 Arcane Vault
07:46 Farm
08:54 Scout Tower
09:01 Blacksmith
09:04 Scout Tower
09:12 Scout Tower
09:36 Guard Tower
09:38 Barracks
09:39 Guard Tower
09:40 Scout Tower
09:41 Guard Tower
09:42 Arcane Sanctum
09:44 Castle
10:13 Guard Tower
10:14 Farm
10:16 Arcane Sanctum
10:59 Scout Tower
11:01 Scout Tower
11:21 Farm
11:40 Farm
11:57 Guard Tower
12:18 Farm
14:18 Farm
14:52 Scout Tower
15:03 Farm
15:07 Farm
16:02 Scout Tower
16:05 Guard Tower
16:10 Farm
16:37 Guard Tower
16:39 Farm
17:01 Arcane Vault
17:29 Scout Tower
18:50 Guard Tower
19:22 Workshop
20:20 Farm
21:57 Scout Tower
25:14 Scout Tower
26:20 Scout Tower
26:37 Scout Tower
26:41 Scout Tower
26:51 Cannon Tower
28:27 Guard Tower
28:27 Scout Tower
29:44 Guard Tower
30:59 Workshop
31:29 Workshop
31:31 Workshop
» items
| Lesser Clarity Potion | 1 | |
| Scroll of Regeneration | 2 | |
| Potion of Healing | 1 | |
| Scroll of Town Portal | 8 | |
| Staff of Sanctuary | 3 | |
| Orb of Fire | 4 | |
19 total
team 2 (loser)

»
soup.naz1 (
green | 78 APM | 3583 actions | 46:06)
6 Archmage
3 Summon Water Elemental
2 Brilliance Aura
1 Mass Teleport
5 Mountain King
3 Storm Bolt
2 Bash
5 Paladin
2 Holy Light
1 Divine Shield
2 Devotion Aura
» actions
| Assign group hotkey | 40 | |
| Basic commands | 60 | |
| Build / train | 136 | |
| ESC pressed | 5 | |
| Enter build submenu | 36 | |
| Enter hero's abilities submenu | 16 | |
| Give item / drop item | 1 | |
| Right click | 1270 | |
| Select / deselect | 455 | |
| Select group hotkey | 1348 | |
| Use ability | 214 | |
3583 total
» units
| Peasant | 16 | |
| Footman | 3 | |
| Rifleman | 5 | |
| Spell Breaker | 14 | |
| Goblin Shredder | 1 | |
| Razormane Medicine Man | 1 | |
| Gryphon Rider | 7 | |
| Goblin Zeppelin | 1 | |
| Flying Machine | 4 | |
| Mortar Team | 4 | |
56 total
» upgrades
| Long Rifles | 1 | |
| Gunpowder | 3 | |
| Armor | 3 | |
| Swords | 3 | |
| Storm Hammers | 1 | |
| Control Magic | 1 | |
| Plating | 3 | |
| Masonry | 2 | |
| Barrage | 1 | |
| Fragmentation Shards | 1 | |
19 total
» buildings
| Farm | 9 | |
| Altar of Kings | 1 | |
| Barracks | 1 | |
| Scout Tower | 17 | |
| Arcane Tower | 5 | |
| Keep | 1 | |
| Arcane Vault | 3 | |
| Blacksmith | 1 | |
| Lumber Mill | 1 | |
| Arcane Sanctum | 1 | |
| Town Hall | 2 | |
| Castle | 1 | |
| Guard Tower | 12 | |
| Gryphon Aviary | 2 | |
| Workshop | 1 | |
58 total
» build order
00:23 Farm
00:28 Altar of Kings
00:33 Barracks
00:56 Farm
01:49 Scout Tower
02:24 Arcane Tower
02:49 Keep
03:01 Arcane Vault
03:11 Farm
03:22 Blacksmith
03:30 Farm
04:02 Lumber Mill
04:15 Farm
05:20 Arcane Sanctum
07:22 Town Hall
08:33 Scout Tower
08:34 Scout Tower
08:34 Scout Tower
08:46 Castle
09:02 Guard Tower
09:28 Guard Tower
10:34 Guard Tower
11:01 Gryphon Aviary
11:05 Farm
11:06 Farm
11:06 Farm
13:26 Gryphon Aviary
13:59 Farm
15:27 Workshop
18:55 Arcane Vault
21:52 Scout Tower
21:53 Scout Tower
25:21 Guard Tower
25:23 Scout Tower
25:52 Guard Tower
25:58 Town Hall
26:20 Scout Tower
26:57 Guard Tower
27:34 Scout Tower
27:34 Scout Tower
28:31 Guard Tower
33:27 Scout Tower
33:28 Scout Tower
33:30 Arcane Vault
34:46 Scout Tower
34:47 Arcane Tower
34:49 Arcane Tower
34:51 Scout Tower
35:18 Arcane Tower
35:21 Arcane Tower
35:24 Scout Tower
35:25 Scout Tower
35:26 Scout Tower
35:57 Guard Tower
36:17 Guard Tower
36:17 Guard Tower
» items
| Scroll of Regeneration | 5 | |
| Orb of Lightning | 1 | |
| Potion of Mana | 2 | |
| Scroll of Town Portal | 9 | |
| Potion of Healing | 1 | |
| Staff of Sanctuary | 2 | |
| Orb of Fire | 2 | |
22 total
nigmin (
blue | 40 APM | 2217 actions | 55:44)
5 Blademaster
1 Wind Walk
3 Critical Strike
1 Mirror Image
1 Mountain King
1 Bash
» actions
| Assign group hotkey | 31 | |
| Basic commands | 50 | |
| Build / train | 115 | |
| ESC pressed | 12 | |
| Enter build submenu | 15 | |
| Enter hero's abilities submenu | 6 | |
| Give item / drop item | 1 | |
| Right click | 626 | |
| Select / deselect | 279 | |
| Select group hotkey | 929 | |
| Use ability | 153 | |
2217 total
» units
| Peon | 29 | |
| Wind Rider | 8 | |
| Goblin Shredder | 1 | |
| Troll Batrider | 34 | |
| Bronze Dragon | 3 | |
| Goblin Zeppelin | 1 | |
| Gryphon Rider | 19 | |
95 total
» upgrades
| Ranged Weapons | 3 | |
| Envenomed Spears | 1 | |
| Liquid Fire | 1 | |
| Armor | 2 | |
7 total
» buildings
| Altar of Storms | 1 | |
| Orc Burrow | 7 | |
| Voodoo Lounge | 1 | |
| Stronghold | 1 | |
| War Mill | 1 | |
| Fortress | 1 | |
| Beastiary | 2 | |
| Watch Tower | 2 | |
16 total
» build order
00:10 Altar of Storms
00:12 Orc Burrow
00:59 Voodoo Lounge
02:23 Stronghold
02:34 War Mill
02:52 Orc Burrow
04:48 Fortress
04:50 Beastiary
04:53 Beastiary
06:01 Orc Burrow
06:12 Orc Burrow
07:52 Orc Burrow
07:55 Watch Tower
11:10 Watch Tower
39:34 Orc Burrow
40:12 Orc Burrow
» items
| Healing Salve | 1 | |
| Lesser Clarity Potion | 1 | |
| Orb of Lightning | 1 | |
| Potion of Healing | 1 | |
4 total
killpeondancer (
orange | 74 APM | 3249 actions | 43:56)
7 Archmage
3 Summon Water Elemental
3 Blizzard
1 Mass Teleport
5 Mountain King
2 Storm Bolt
3 Thunder Clap
» actions
| Assign group hotkey | 77 | |
| Basic commands | 145 | |
| Build / train | 125 | |
| Enter build submenu | 34 | |
| Enter hero's abilities submenu | 12 | |
| Give item / drop item | 4 | |
| Remove unit from queue | 1 | |
| Right click | 971 | |
| Select / deselect | 602 | |
| Select group hotkey | 1093 | |
| Use ability | 185 | |
3249 total
» units
| Peasant | 25 | |
| Rifleman | 8 | |
| Mortar Team | 14 | |
| Knight | 5 | |
| Priest | 6 | |
| Sorceress | 7 | |
| Goblin Zeppelin | 2 | |
| Siege Engine | 3 | |
| Bronze Dragon Whelp | 1 | |
| Bronze Drake | 1 | |
72 total
» upgrades
| Gunpowder | 1 | |
| Long Rifles | 1 | |
| Flare | 1 | |
| Fragmentation Shards | 1 | |
| Lumber Harvesting | 2 | |
| Priest Training | 2 | |
| Animal War Training | 1 | |
| Swords | 2 | |
| Sorceress Training | 2 | |
| Armor | 3 | |
| Plating | 3 | |
| Barrage | 1 | |
20 total
» buildings
| Altar of Kings | 1 | |
| Farm | 13 | |
| Arcane Vault | 2 | |
| Blacksmith | 1 | |
| Barracks | 2 | |
| Keep | 1 | |
| Lumber Mill | 2 | |
| Castle | 1 | |
| Workshop | 3 | |
| Arcane Sanctum | 2 | |
| Town Hall | 2 | |
| Scout Tower | 4 | |
| Guard Tower | 2 | |
| Arcane Tower | 2 | |
38 total
» build order
00:36 Altar of Kings
00:51 Farm
01:06 Farm
02:10 Arcane Vault
02:24 Blacksmith
02:35 Barracks
02:52 Keep
03:03 Farm
03:24 Lumber Mill
03:46 Barracks
04:04 Farm
04:20 Farm
05:54 Castle
06:30 Workshop
06:36 Workshop
06:42 Workshop
06:50 Arcane Sanctum
07:18 Farm
09:07 Town Hall
09:12 Town Hall
12:20 Farm
13:34 Farm
13:40 Lumber Mill
14:31 Arcane Vault
14:46 Scout Tower
14:49 Scout Tower
14:57 Scout Tower
15:14 Arcane Sanctum
16:10 Farm
16:12 Farm
16:15 Guard Tower
16:16 Arcane Tower
16:17 Guard Tower
16:22 Scout Tower
16:29 Farm
18:21 Arcane Tower
18:32 Farm
18:36 Farm
» items
| Potion of Mana | 3 | |
| Potion of Healing | 2 | |
| Scroll of Regeneration | 4 | |
| Scroll of Town Portal | 3 | |
12 total
Prost8 (
red | 21 APM | 1104 actions | 52:53)
4 Archmage
2 Summon Water Elemental
2 Blizzard
1 Mountain King
1 Avatar
» actions
| Assign group hotkey | 17 | |
| Basic commands | 147 | |
| Build / train | 87 | |
| ESC pressed | 2 | |
| Enter build submenu | 23 | |
| Enter hero's abilities submenu | 4 | |
| Right click | 259 | |
| Select / deselect | 297 | |
| Select group hotkey | 226 | |
| Use ability | 42 | |
1104 total
» units
| Peasant | 7 | |
| Footman | 3 | |
| Flying Machine | 59 | |
69 total
» upgrades
| Lumber Harvesting | 2 | |
| Flak Cannons | 1 | |
| Flying Machine Bombs | 1 | |
| Plating | 3 | |
| Gunpowder | 3 | |
10 total
» buildings
| Lumber Mill | 2 | |
| Altar of Kings | 1 | |
| Farm | 11 | |
| Keep | 1 | |
| Barracks | 1 | |
| Castle | 1 | |
| Blacksmith | 1 | |
| Workshop | 3 | |
| Arcane Vault | 1 | |
22 total
» build order
01:03 Lumber Mill
01:16 Altar of Kings
01:34 Farm
02:24 Keep
03:10 Barracks
04:56 Farm
05:33 Farm
06:06 Castle
06:15 Blacksmith
07:30 Workshop
07:33 Workshop
08:41 Farm
08:44 Workshop
09:23 Farm
11:14 Farm
13:29 Arcane Vault
15:38 Farm
17:46 Farm
23:00 Farm
23:22 Farm
23:27 Lumber Mill
24:18 Farm
Chat log
(00:07 / All) soup.naz1: :D
(01:08 / All) soup.naz1: i didnt get my special message today u followitk
(01:14 / All) U_Follow_iTK_05: cant read nigger?
(01:21 / All) soup.naz1: there it is
(01:23 / All) U_Follow_iTK_05: cant read nigger?
(01:28 / All) soup.naz1: But what about my private messages you love sending?
(01:31 / All) U_Follow_iTK_05: cant read nigger?
(01:44 / All) soup.naz1: i feel left out man
(01:46 / All) U_Follow_iTK_05: cant read nigger?
(01:54 / All) soup.naz1: I look forward to them
(01:56 / All) U_Follow_iTK_05: cant read nigger?
(01:59 / All) soup.naz1: when i sign on
(02:01 / All) U_Follow_iTK_05: cant read nigger?
(02:08 / All) Prost8: stfu yellow you hillbilly
(02:10 / All) U_Follow_iTK_05: cant read nigger?
(02:13 / All) soup.naz1: to be fair yellow
(02:15 / All) U_Follow_iTK_05: cant read nigger?
(02:21 / All) soup.naz1: your name doesnt make sense
(02:23 / All) U_Follow_iTK_05: cant read nigger?
(02:40 / All) soup.naz1: Im sorry i hurt your feelings
(02:42 / All) U_Follow_iTK_05: cant read nigger?
(02:54 / All) soup.naz1: didnt know you were so sensitive
(02:56 / All) U_Follow_iTK_05: cant read nigger?
(03:44 / All) soup.naz1: dont talk shit about hackers to him
(03:46 / All) soup.naz1: he will tk
(03:46 / All) U_Follow_iTK_05: cant read nigger?
(03:57 / All) soup.naz1: and then private message you weeks later lol
(03:59 / All) U_Follow_iTK_05: cant read nigger?
(04:49 / All) soup.naz1: i think his keyboard is broken too
(04:51 / All) U_Follow_iTK_05: cant read nigger?
(04:54 / All) soup.naz1: lol
(04:56 / All) U_Follow_iTK_05: cant read nigger?
(05:14 / All) soup.naz1: i cant be the only one who finds that funny
(05:34 / All) soup.naz1: uh oh
(05:36 / All) U_Follow_iTK_05: cant read nigger?
(05:39 / All) soup.naz1: thank god
(05:43 / All) U_Follow_iTK_05: cant read nigger?
(05:45 / All) soup.naz1: u didnt respond earlier
(05:47 / All) U_Follow_iTK_05: cant read nigger?
(05:51 / All) soup.naz1: i love you yellow
(05:54 / All) U_Follow_iTK_05: cant read nigger?
(06:25 / All) soup.naz1: yellow
(06:27 / All) U_Follow_iTK_05: cant read nigger?
(06:29 / All) soup.naz1: love u
(06:35 / All) U_Follow_iTK_05: cant read nigger?
(06:41 / All) soup.naz1: since keep saying what you say if you love me too
(06:48 / All) U_Follow_iTK_05: cant read nigger?
(06:51 / All) soup.naz1: thanks :)
(06:54 / All) U_Follow_iTK_05: cant read nigger?
(07:13 / All) soup.naz1: im glad u feel same way :D
(07:16 / All) U_Follow_iTK_05: cant read nigger?
(07:42 / All) soup.naz1: yellow and i have a real special, unspoken bond
(07:46 / All) U_Follow_iTK_05: cant read nigger?
(08:09 / All) soup.naz1: its hard to understand
(08:11 / All) U_Follow_iTK_05: cant read nigger?
(08:57 / Allies) U_Follow_iTK_05: bats
(08:57 / All) soup.naz1: tbh im not sure he understands
(09:01 / Allies) ButtSecks: anyone have gold
(09:01 / All) U_Follow_iTK_05: cant read nigger?
(09:08 / Allies) U_Follow_iTK_05: tower up bats
(09:20 / Allies) ButtSecks: k
(09:24 / All) soup.naz1: but i like to think he really loves me
(09:31 / All) soup.naz1: he just has a hard time saying it
(09:33 / All) U_Follow_iTK_05: cant read nigger?
(09:57 / All) U_Follow_iTK_05: cant read nigger?
(10:19 / Allies) ButtSecks: someone ake
(10:25 / All) U_Follow_iTK_05: cant read nigger?
(10:25 / Allies) 2020-WHO-PRESID: expo here pink
(11:22 / All) 2020-WHO-PRESID: THIS IS THE TRUMP WALL!
(11:32 / All) soup.naz1: makes sense
(11:35 / All) U_Follow_iTK_05: cant read nigger?
(11:38 / All) soup.naz1: :D
(12:31 / All) U_Follow_iTK_05: cant read nigger?
(12:39 / All) U_Follow_iTK_05: cant read nigger?
(12:56 / All) U_Follow_iTK_05: cant read nigger?
(13:02 / All) U_Follow_iTK_05: cant read nigger?
(13:12 / All) U_Follow_iTK_05: cant read nigger?
(13:13 / All) U_Follow_iTK_05: cant read nigger?
(13:20 / Allies) 2020-WHO-PRESID: PUSH
(13:26 / Allies) ButtSecks: send me gold teal
(13:35 / Allies) ButtSecks: ty
(13:42 / All) U_Follow_iTK_05: cant read nigger?
(14:06 / Allies) ButtSecks: tower here if u can
(16:32 / Allies) 2020-WHO-PRESID: someone get the dragons
(16:51 / All) U_Follow_iTK_05: cant read nigger?
(18:11 / Allies) U_Follow_iTK_05: shit forgot tp
(20:42 / Allies) U_Follow_iTK_05: get tnaks?
(20:52 / Allies) U_Follow_iTK_05: b
(22:25 / Allies) U_Follow_iTK_05: ty
(23:31 / All) 2020-WHO-PRESID: this is a great map
(25:12 / Allies) U_Follow_iTK_05: help
(25:17 / Allies) U_Follow_iTK_05: gg
(26:02 / Allies) U_Follow_iTK_05: ty
(28:48 / Allies) U_Follow_iTK_05: ty
(28:56 / All) eggeewe: who is gonna run out of gold first lol
(28:59 / Allies) ButtSecks: this new update is retarded, cant alt tab now
(29:15 / All) 2020-WHO-PRESID: u gotta do -nativefullscrn to enable alt tabbing
(29:19 / All) 2020-WHO-PRESID: google it after game
(29:23 / All) 2020-WHO-PRESID: or now, since we aint doing shit
(29:25 / All) 2020-WHO-PRESID: lawl
(29:28 / All) soup.naz1: haha
(29:31 / Allies) ButtSecks: where do i do that
(29:56 / All) 2020-WHO-PRESID: light right click wc3 icon on ur dekstop , and put it in the shhortcut path after what is already typed down
(29:56 / Allies) ButtSecks: where do i add the -nativefullscr
(29:56 / Allies) U_Follow_iTK_05: rifles
(30:04 / Allies) ButtSecks: ty
(30:18 / Allies) 2020-WHO-PRESID: tp maybe
(31:02 / Allies) U_Follow_iTK_05: ty
(31:04 / All) 2020-WHO-PRESID: this is sorta fun u can alt tab and browse lawl
(31:14 / All) 2020-WHO-PRESID: like ww3 started ysterday maybe
(31:14 / All) soup.naz1: but what if you can't read
(31:19 / All) soup.naz1: yeah
(31:20 / All) U_Follow_iTK_05: cant read nigger?
(31:22 / All) soup.naz1: not looking good
(31:50 / All) 2020-WHO-PRESID: someone left claws 15 at top of map i destroyed it since i was too lazy to get it
(32:08 / Allies) U_Follow_iTK_05: gg
(32:25 / All) Prost8: just hit
(32:30 / All) Prost8: blu is retarded
(32:35 / All) Prost8: 6 bats and BM
(32:38 / All) 2020-WHO-PRESID: so are we lawl
(32:43 / All) Prost8: green has 6 gryphs
(32:53 / All) 2020-WHO-PRESID: b yellow
(32:57 / All) soup.naz1: red had liike 70 coptor
(33:03 / All) 2020-WHO-PRESID: can someone giv eme mass tp
(33:07 / All) Prost8: blu is kill me coz I called him a noob lol
(33:22 / All) Prost8: wich he is
(33:23 / Allies) 2020-WHO-PRESID: who wants boots of agility plus 6. yellow?
(33:30 / All) nigmin: who are you tlaking to?
(33:35 / All) Prost8: yo momma bitch
(33:56 / All) 2020-WHO-PRESID: someone give me mass tp i need like 2 unit kills ill trade boots plus 6 for the exp
(34:05 / All) soup.naz1: lol
(34:14 / All) soup.naz1: bleu and red are fighting
(34:15 / Allies) ButtSecks: teal i must be retarded because if i add -nativefullscr to end of path, it says path is invaild?
(34:19 / All) soup.naz1: os if yall attack itll be 4v2
(34:26 / All) 2020-WHO-PRESID: uh let me look it up
(34:41 / All) Prost8: seriously blu how after this game lasted this long have you got only 6 bats
(34:44 / All) Prost8: NOOB
(34:55 / All) Prost8: 5 bats, my bad
(34:56 / All) Prost8: lol
(34:56 / All) soup.naz1: red hates us all for some reason
(35:07 / All) 2020-WHO-PRESID: i mean in the target path if u right click wc3 icon
(35:11 / All) 2020-WHO-PRESID: and go to properites
(35:11 / All) soup.naz1: ithink he feel inadequate because his coptors lasted all but 30 sec
(35:13 / All) Prost8: no you a pro, blu is a noob, no hate here
(35:20 / Allies) 2020-WHO-PRESID: then put -nativefullscr
(35:26 / All) nigmin: who are you talking to
(35:28 / Allies) ButtSecks: yea, they path is currently linked to the wc3 game
(35:33 / All) 2020-WHO-PRESID: dont do it now, ur in a game
(35:42 / Allies) 2020-WHO-PRESID: after it, press space bar after the "
(35:49 / Allies) ButtSecks: ahh ok
(35:51 / Allies) 2020-WHO-PRESID: then -nativefullscr
(36:06 / All) Prost8: lol green is towering up, how cute
(36:20 / All) Prost8: you done blu?
(36:27 / All) Prost8: now kill yourself noob
(36:39 / Allies) U_Follow_iTK_05: gold pls
(36:49 / Allies) U_Follow_iTK_05: ty
(37:00 / All) 2020-WHO-PRESID: keep the towers up
(37:01 / All) 2020-WHO-PRESID: green
(37:02 / All) soup.naz1: yellow
(37:04 / All) 2020-WHO-PRESID: lets have 2 trump walls
(37:05 / All) U_Follow_iTK_05: cant read nigger?
(37:05 / All) 2020-WHO-PRESID: one for canada
(37:06 / All) Prost8: beware blu is a mking a move with his 5 bats
(37:12 / All) soup.naz1: just making sure you ok
(37:24 / All) U_Follow_iTK_05: cant read nigger?
(37:28 / All) soup.naz1: glad you there
(37:32 / All) soup.naz1: u got quiet
(37:39 / All) 2020-WHO-PRESID: im gonna get exp for my am green
(37:43 / All) U_Follow_iTK_05: cant read nigger?
(39:31 / All) Prost8: kill blu first
(39:36 / All) Prost8: easy target lol
(39:48 / All) Prost8: he is healing down the middle
(39:52 / All) Prost8: hit now!!!
(40:06 / Allies) 2020-WHO-PRESID: come purp
(40:29 / Allies) 2020-WHO-PRESID: tp purple
(40:35 / Allies) ButtSecks: i will
(40:41 / Allies) U_Follow_iTK_05: shit didnt see
(41:01 / Allies) 2020-WHO-PRESID: lets hit middle come
(41:07 / All) Prost8: OMG OJ YOU SUCK BALLS YOU HAD TIME TO DESTROY HIS MAIN TWICE
(41:18 / All) Prost8: sad really ...
(42:04 / Allies) ButtSecks: hit green? goo
(42:44 / All) 2020-WHO-PRESID: still dont have mass tp wtf
(42:51 / Allies) ButtSecks: same
(43:38 / All) soup.naz1: bring coptors red
(43:46 / All) soup.naz1: oph thats right u have nothing
(44:46 / All) U_Follow_iTK_05: cant read nigger?
(45:06 / All) soup.naz1: haha
(45:08 / Allies) U_Follow_iTK_05: gold?
(45:09 / All) U_Follow_iTK_05: cant read nigger?
(45:11 / All) soup.naz1: got u yellow
(45:13 / All) U_Follow_iTK_05: cant read nigger?
(45:17 / All) soup.naz1: Umad?
(45:20 / All) U_Follow_iTK_05: cant read nigger?
(45:26 / Allies) U_Follow_iTK_05: ty
(45:47 / All) U_Follow_iTK_05: cant read nigger?
(45:58 / All) soup.naz1: I look forward to more intelligent discussions with you yellow
(46:00 / All) U_Follow_iTK_05: cant read nigger?
(46:03 / All) soup.naz1: gg guys
(46:06 / All) U_Follow_iTK_05: cant read nigger?
(46:07 / All) ButtSecks: gg
(46:10 / All) U_Follow_iTK_05: cant read nigger?
(46:30 / All) 2020-WHO-PRESID: this game is a perfect example on everything wrong with this map
(46:51 / All) U_Follow_iTK_05: haha
(46:54 / All) 2020-WHO-PRESID: can u guys recommend star wars rogue one movie? I have it but not sure if i should watch
(47:05 / Allies) ButtSecks: i gotta fix this alt tab bullshit
(47:09 / Allies) ButtSecks: after game
(47:13 / All) 2020-WHO-PRESID: just go to forums they say how
(47:16 / All) 2020-WHO-PRESID: bnet classic forums
(47:29 / Allies) ButtSecks: blizzard is so gya
(47:52 / All) 2020-WHO-PRESID: hopeuflly we get new maps in a few weeks
(48:10 / All) 2020-WHO-PRESID: red got his revenge!
(49:06 / All) 2020-WHO-PRESID: try to assault our wall
(50:08 / Allies) U_Follow_iTK_05: ty
(50:12 / All) nigmin: and red is fuckingme the whole time lmao]
(50:14 / All) 2020-WHO-PRESID: they did say, pruple, they are gonna have a new patch to fix bugs
(50:21 / All) nigmin: such a nigger
(50:27 / Allies) ButtSecks: hopefully
(50:33 / Allies) ButtSecks: i wish they fix the hackers
(50:36 / Allies) ButtSecks: so many mh in solo
(50:38 / All) Prost8: blu is a nigger lover
(50:45 / All) Prost8: gay ass hillbilly
(51:06 / All) 2020-WHO-PRESID: someone recommend me a good movie
(51:37 / All) Prost8: he has 3 bronze dragons
(51:40 / All) Prost8: finish him
(51:56 / All) 2020-WHO-PRESID: if i chased him with my dragons he would jsut run
(52:07 / All) Prost8: coz he a bitch
(52:33 / All) Prost8: SUPRISE MOTHERFUCKER
(52:49 / All) Prost8: EAT SHIT BLU
(55:26 / Allies) U_Follow_iTK_05: gold?
(55:37 / Allies) U_Follow_iTK_05: ty